Reakly vs cancrxpress EPIC GAME-CHANGING TANK BATTLE

Match 19634054
End
Kradschützen Motorcycle Team
Kradschützen Motorcycle Team
Construct Light Support Kompanie
Assault Grenadier Squad
Assault Grenadier Squad
Assault Grenadier Squad
MG34 Team
Panzerjäger Mechanized Group
Selects Italian Combined Arms Battlegroup
Selects Semovente da 75/18 Assault Gun
Selects Carro Armato M13/40 Light Tank
Carro Armato M13/40 Light Tank
Panzerjäger Squad
Selects Bersaglieri Squad
Selects Vehicle Support - Secure Location
250 Light Carrier
Carro Armato M13/40 Light Tank
Construct Mechanized Kompanie
Selects Vehicle Support - Force Recon
Marder III Tank Destroyer
Selects Artillery Cover
Panzerjäger Squad
Artillery Cover
Support Armor Elements
StuG III D Assault Gun
Panzerjäger Squad
Marder III Tank Destroyer
Marder III Tank Destroyer
Artillery Cover
Combat Half-tracks
AI Takeover
cancrxpress
Reakly
0
0

Comments sign in to comment!

No comments posted yet!